 Dungeon Crawl Stone Soup version 0.23.0-3-gf3c87f2 (webtiles) character file.

Game seed: 6675413637154224197

332 Borgoz the Vexing (level 6, 0/45 HPs)
             Began as a Ghoul Enchanter on Feb 24, 2019.
             Slain by an adder skeleton (2 damage)
             ... on level 4 of the Dungeon.
             The game lasted 00:10:10 (3141 turns).

Borgoz the Vexing (Ghoul Enchanter)                 Turns: 3141, Time: 00:10:11

Health: 0/45       AC:  4    Str: 12    XL:     6   Next: 52%
Magic:  7/7        EV: 13    Int: 15    God:
Gold:   119        SH:  0    Dex: 11    Spells: 5/8 levels left

rFire    . . .     SeeInvis .   a - +1 dagger
rCold    + . .     Gourm    .   (no shield)
rNeg     + + +     Faith    .   b - +0 robe
rPois    ∞         Spirit   .   j - +2 hat
rElec    .         Reflect  .   (no cloak)
rCorr    .         Harm     .   (no gloves)
MR       +....                  (no boots)
Stlth    ++........             (no amulet)
HPRegen  0.00/turn              g - ring of protection from magic
MPRegen  0.10/turn              e - +3 ring of slaying

@: brilliant, rotting
A: rotting body, claws 1, carnivore, cold resistance 1, negative energy
resistance 3, inhibited regeneration, torment resistance, unbreathing
a: no special abilities


You were on level 4 of the Dungeon.
You were not hungry.

You visited 1 branch of the dungeon, and saw 4 of its levels.

You collected 119 gold pieces.

Inventory:

Hand Weapons
 a - a +1 dagger (weapon)
Missiles
 k - 7 curare-tipped needles
 m - 12 poisoned needles
Armour
 b - a +0 robe (worn)
 j - a +2 hat (worn)
Jewellery
 e - a +3 ring of slaying (right claw)
 g - a ring of protection from magic (left claw)
 o - an uncursed ring of resist corrosion
Scrolls
 c - a scroll of enchant armour
 f - 2 scrolls of magic mapping
 n - 2 scrolls of remove curse
 p - a scroll of identify
Comestibles
 d - 7 rations


   Skills:
 * Level 3.6 Short Blades
 + Level 3.0 Dodging
 - Level 3.2 Stealth
 - Level 1.7 Spellcasting
 * Level 4.2 Hexes


You had 5 spell levels left.
You knew the following spells:

 Your Spells              Type           Power        Failure   Level  Hunger
a - Corona                Hex            ###....      1%          1    ##.....
b - Ensorcelled Hibernat  Hex/Ice        ###...       1%          2    ###....

Your spell library contained the following spells:

 Spells                   Type           Power        Failure   Level  Hunger
 Confuse                  Hex            ###.....     1%          3    ####...
 Tukima's Dance           Hex            ###.....     1%          3    ####...
 Dazzling Spray           Conj/Hex       ###...       3%          3    ####...


Dungeon Overview and Level Annotations

Branches:
Dungeon (4/15)
 Temple: D:4-7

Altars:
Cheibriados
Okawaru
Sif Muna


Innate Abilities, Weirdness & Mutations

Your body is rotting away.
You thrive on raw meat.
You are immune to poison.
You have sharp fingernails.
You are carnivorous and can eat meat at any time.
Your flesh is cold resistant. (rC+)
You are immune to negative energy. (rN+++)
You do not regenerate when monsters are visible.
You are immune to unholy pain and torment.
You can survive without breathing.


Message History

The orc wizard seems to speed up.
The jackal bites you but does no damage.
The orc wizard mumbles some strange words.
The orc wizard flickers and vanishes!
Deactivating autopickup; reactivate with Ctrl-A.
The jackal barely misses you.
You closely miss the jackal. The jackal bites you.
* * * LOW HITPOINT WARNING * * *
You hit the jackal.
The jackal is moderately wounded.
The jackal misses you.
You hit the jackal.
You kill the jackal!
You hit the adder skeleton.
The adder skeleton is moderately damaged.
The adder skeleton misses you.
Found 26 sling bullets.
The leopard gecko hisses angrily.
The adder skeleton bites you.
You die...

#.# ... .# #...#.#
#.####.######.# #.###.##
#...........<# #......####
#..###.......# #..........
#....#.......###...###..###
##.#.......>......##......#
#.###.......####.##.#..#..
#...........# # ......###
#####....@..# #..........
#....Z..# #######.#)o
#....r..# #.o.#
###.la###### #...
#.....rao#######...
#...####.......#...
(.............###.#....
................##.....
.....................#.#


You could see a worker ant, a leopard gecko, a quokka and an adder skeleton.

Vanquished Creatures
  2 orc wizards
  Natasha (thrice) (D:3)
  5 adders (D:2)
  4 gnolls (D:3)
  An ooze (D:2)
  2 worms
  7 dart slugs
  4 leopard geckos
  7 orcs
  A bat skeleton (D:2)
  A bat zombie (D:2)
  2 giant cockroaches
  5 hobgoblins
  3 jackals
  A quokka (D:4)
  A ball python (D:2)
  A ball python zombie (D:2)
  9 bats
  18 frilled lizards
  8 goblins
  A jackal skeleton (D:2)
  7 kobolds (D:1)
  A quokka skeleton (D:2)
  3 rats
97 creatures vanquished.

Notes
Turn   | Place    | Note
-------+----------+-------------------------------------------
     0 | D:1      | Borgoz the Ghoul Enchanter began the quest for the Orb.
     0 | D:1      | Reached XP level 1. HP: 14/14 MP: 2/2
    34 | D:1      | Reached skill level 1 in Short Blades
    92 | D:1      | Reached XP level 2. HP: 20/20 MP: 3/3
   227 | D:1      | Learned a level 2 spell: Ensorcelled Hibernation
   385 | D:1      | Reached XP level 3. HP: 11/26 MP: 4/4
   970 | D:1      | Reached skill level 3 in Hexes
  1351 | D:2      | Reached XP level 4. HP: 30/33 MP: 5/5
  1695 | D:2      | Reached XP level 5. HP: 31/38 MP: 6/6
  2002 | D:3      | Noticed Natasha
  2007 | D:3      | Killed Natasha
  2166 | D:3      | Noticed Natasha
  2178 | D:3      | Killed Natasha
  2178 | D:3      | Reached XP level 6. HP: 25/45 MP: 0/7
  2210 | D:3      | Noticed Natasha
  2392 | D:3      | Found a deep blue altar of Sif Muna.
  2410 | D:3      | Found a snail-covered altar of Cheibriados.
  2427 | D:3      | Killed Natasha
  2427 | D:3      | Reached skill level 4 in Hexes
  3032 | D:4      | Found an iron altar of Okawaru.
  3132 | D:4      | HP: 2/45 [jackal (2)]
  3141 | D:4      | Slain by an adder skeleton

Skill      XL: |  1  2  3  4  5  6 |
---------------+-------------------+-----
Short Blades   | 1 2 3 |  3.6
Dodging        | 2 3 |  3.0
Hexes          | 3 4 |  4.2
Stealth        | |  3.2
Spellcasting   | |  1.7

Action                   |  1- 3 |  4- 6 || total
-------------------------+-------+-------++-------
Melee: Dagger            |   179 |   262 ||   441
 Cast: Ensorcelled Hiber |     3 |    27 ||    30
  Use: Scroll            |       |    11 ||    11
       Potion            |       |     6 ||     6
 Stab: Sleeping          |     7 |    13 ||    20
       Distracted        |       |     1 ||     1
  Eat: Chunk             |    12 |    19 ||    31
Armor: Robe              |    47 |    62 ||   109
Dodge: Dodged            |   124 |   145 ||   269
